AoeStats
← Cinnamoroll

Lombardia

508138201Analyzed
4v4 RM · 10d ago on Sep 21, 2026· 51m 18s· 8 players
Game mode
Random Map
Map size
Large (8 player)
Population
200
Speed
Normal
Resources
Standard
Victory
Conquest
Starting age
Dark Age
Ending age
Imperial Age
RankedLock teamsTeams togetherTeam positionsShared explorationLock speedFull tech treeHidden civsTurbo modeCheats
Victory
Defeat
🇨🇦 Spanish · Canada
1518
+19
🇺🇸 Romans · United States
1506
+19
🇺🇸 Hindustanis · United States
1496
+20
🇺🇸 Wu · United States
1472
+21
🇲🇽 Magyars · Mexico
1652
-23
🇲🇽 Mapuche · Mexico
1575
-20
🇲🇽 Khmer · Mexico
1574
-19
🇺🇸 Bohemians · United States
1515
-17
machpatel
5:56 Loom
11:40 Feudal Age
16:15 Castle Age
15:08 Double-Bit Axe
15:03 Horse Collar
17:35 Bow Saw
17:26 Heavy Plow
22:16 Wheelbarrow
24:06 Hand Cart
27:19 Scale Barding Armor
27:25 Forging
27:51 Bloodlines
27:41 Husbandry
27:42 Gold Mining
27:43 Stone Mining
30:59 Imperial Age
29:09 Chain Barding Armor
29:34 Iron Casting
32:35 Plate Barding Armor
33:00 Blast Furnace
31:41 Heavy Camel Rider
33:46 Imperial Camel Rider
36:59 Caravan
36:46 Light Cavalry
37:36 Hussar
TaNa
11:36 Feudal Age
12:23 Double-Bit Axe
15:18 Castle Age
14:27 Horse Collar
16:56 Bow Saw
19:36 Loom
23:00 Wheelbarrow
23:27 Heavy Plow
24:18 Stone Mining
26:04 Gold Mining
26:36 Fletching
30:01 Imperial Age
28:44 Bodkin Arrow
29:11 Ballistics
29:22 Hand Cart
28:53 Town Watch
29:10 Padded Archer Armor
29:19 Red Cliffs Tactics
31:55 Two-Man Saw
31:33 Coinage
32:10 Conscription
31:53 Bracer
33:02 Chemistry
32:41 Elite Fire Archer
33:46 Caravan
34:59 Banking
35:01 Leather Archer Armor
39:22 Banking
44:56 Guilds
KTrades123
6:43 Loom
9:08 Feudal Age
10:08 Double-Bit Axe
10:35 Horse Collar
18:33 Castle Age
16:41 Gold Mining
17:51 Wheelbarrow
18:28 Stone Mining
19:40 Bow Saw
20:09 Gold Shaft Mining
19:43 Heavy Plow
26:45 Ballistics
27:02 Ballistas
30:31 Imperial Age
29:46 Hand Cart
31:50 Conscription
32:10 Heavy Scorpion
35:09 Chemistry
46:16 Caravan
Cinnamoroll
6:40 Loom
9:24 Feudal Age
10:12 Double-Bit Axe
11:33 Town Watch
16:04 Fletching
21:20 Castle Age
19:59 Horse Collar
22:13 Heavy Plow
22:36 Bow Saw
25:18 Wheelbarrow
28:12 Fervor
29:27 Hand Cart
29:19 Gold Mining
30:13 Town Patrol
33:48 Imperial Age
31:44 Sanctity
31:26 Husbandry
32:25 Scale Barding Armor
32:35 Inquisition
33:04 Redemption
33:31 Chain Barding Armor
33:13 Scale Mail Armor
34:15 Forging
35:19 Theocracy
35:10 Illumination
35:04 Block Printing
35:01 Squires
34:28 Pikeman
35:58 Chain Mail Armor
36:19 Plate Barding Armor
36:32 Bloodlines
38:00 Plate Mail Armor
38:05 Iron Casting
38:20 Halberdier
38:56 Bodkin Arrow
40:13 Conscription
41:24 Blast Furnace
41:51 Bracer
43:10 Padded Archer Armor
43:07 Elite Skirmisher
44:35 Leather Archer Armor
44:28 Caravan
46:30 Ring Archer Armor
46:06 Thumb Ring
47:06 Two-Man Saw
48:18 Chemistry
47:28 Masonry
47:39 Ballistics
VX | Gengar
10:24 Feudal Age
11:32 Double-Bit Axe
14:18 Castle Age
15:26 Bow Saw
19:16 Horse Collar
22:04 Heavy Plow
23:13 Gold Mining
23:14 Stone Mining
25:41 Wheelbarrow
24:52 Town Watch
24:52 Loom
26:30 Gold Shaft Mining
26:31 Stone Shaft Mining
29:25 Imperial Age
27:22 Scale Barding Armor
27:28 Forging
27:21 Husbandry
27:31 Bloodlines
28:17 Hand Cart
28:41 Ballistics
29:29 Chain Barding Armor
29:44 Iron Casting
29:49 Elite Ballista Elephant
30:51 Conscription
31:15 Plate Barding Armor
33:20 Blast Furnace
32:27 Double Crossbow
33:33 Chemistry
33:26 Siege Engineers
36:10 Fletching
40:14 Onager
42:45 Elite Battle Elephant
47:06 Caravan
busy pushing deer
9:10 Feudal Age
10:15 Man-at-Arms
10:46 Double-Bit Axe
12:59 Arson
16:15 Forging
17:14 Scale Mail Armor
19:20 Wheelbarrow
22:30 Castle Age
21:46 Horse Collar
23:24 Bow Saw
23:57 Chain Mail Armor
24:27 Fervor
24:35 Heavy Plow
25:20 Sanctity
31:12 Caravan
32:38 Hand Cart
32:08 Loom
32:09 Town Watch
37:05 Imperial Age
35:49 Chemistry
35:24 Squires
36:51 Iron Casting
36:06 Fletching
36:38 Ballistics
35:59 Treadmill Crane
36:27 Pikeman
37:32 Halberdier
41:06 Two-Man Saw
40:39 Plate Mail Armor
41:09 Blast Furnace
41:45 Hussite Reforms
42:01 Conscription
42:49 Siege Engineers
45:00 Elite Skirmisher
45:53 Houfnice
49:02 Blast Furnace
47:57 Bodkin Arrow
VX | Obligame Perro!
7:23 Loom
11:00 Feudal Age
11:42 Double-Bit Axe
19:27 Castle Age
18:14 Horse Collar
19:43 Scale Barding Armor
20:54 Bow Saw
22:15 Wheelbarrow
25:44 Hand Cart
26:48 Heavy Plow
27:46 Stone Mining
27:47 Gold Mining
32:33 Imperial Age
30:46 Chain Barding Armor
30:43 Bloodlines
31:19 Gold Shaft Mining
31:29 Husbandry
31:30 Light Cavalry
33:04 Corvinian Army
33:49 Plate Barding Armor
32:45 Elite Magyar Huszar
33:53 Conscription
35:52 Two-Man Saw
35:23 Crop Rotation
34:47 Fletching
35:13 Scale Mail Armor
35:37 Ballistics
36:18 Chemistry
34:59 Treadmill Crane
36:58 Hussar
43:46 Chain Mail Armor
43:32 Padded Archer Armor
43:27 Bodkin Arrow
45:01 Pikeman
45:26 Arson
46:30 Bracer
46:43 Masonry
46:32 Halberdier
51:38 Leather Archer Armor
VL Genghis Khan!!!
7:40 Loom
10:08 Feudal Age
15:16 Castle Age
13:28 Double-Bit Axe
14:57 Horse Collar
15:10 Gold Mining
16:05 Fletching
23:18 Bow Saw
22:55 Town Watch
24:13 Heavy Plow
25:28 Wheelbarrow
26:39 Bodkin Arrow
27:48 Hand Cart
32:24 Padded Archer Armor
35:07 Imperial Age
33:46 Malon
36:32 Leather Archer Armor
35:42 Elite Bolas Rider
37:26 Chemistry
36:47 Ballistics
36:51 Butalmapu
37:06 Conscription
39:46 Ring Archer Armor
47:55 Siege Engineers
48:01 Masonry
48:04 Forging
48:51 Caravan
49:24 Coinage
Connection lost

Rejoining the realm…

Still unreachable

The connection could not be restored.

Session expired

The server has moved on; the page needs a fresh start.